 Dungeon Crawl Stone Soup version 0.22.1-1-ga44c0e5 (webtiles) character file.

920 Lavandula the Cleaver (level 7, -13/85 HPs)
             Began as a Centaur Berserker on Nov 4, 2018.
             Was a Priest of Trog.
             Mangled by an orc warrior
             ... wielding a +0 short sword
              (14 damage)
             ... on level 6 of the Dungeon.
             The game lasted 00:12:31 (2214 turns).

Lavandula the Cleaver (Centaur Berserker)           Turns: 2214, Time: 00:12:37

Health: -13/85     AC:  5    Str: 27    XL:     7   Next: 83%
Magic:  0/7        EV:  9    Int:  6    God:    Trog [***...]
Gold:   402        SH:  0    Dex:  8    Spells: 6/6 levels left

rFire    . . .     SeeInvis .   a - +0 hand axe
rCold    . . .     Gourm    .   (no shield)
rNeg     . . .     Faith    .   e - +0 ring mail
rPois    .         Spirit   +   (no helmet)
rElec    .         Reflect  .   (no cloak)
rCorr    .         Harm     .   (no gloves)
MR       .....                  (no barding)
Stlth    ..........             s - amulet of guardian spirit
HPRegen  0.24/turn              (no ring)
MPRegen  0.10/turn              (no ring)

@: berserking, very quick
A: large, hooves 3, deformed body, speed 2, tough skin 3
a: Berserk, Trog's Hand, Renounce Religion


You were on level 6 of the Dungeon.
You worshipped Trog.
Trog was most pleased with you.
You were very hungry.

You visited 1 branch of the dungeon, and saw 6 of its levels.
You also visited: Sewer and Ossuary.

You collected 402 gold pieces.

Inventory:

Hand Weapons
 a - a +0 hand axe (weapon)
 f - a +0 whip
 m - a +0 trident
Missiles
 q - 7 tomahawks (quivered)
Armour
 b - a +0 animal skin
 e - a +0 ring mail (worn)
Jewellery
 s - an amulet of guardian spirit (around neck)
Wands
 g - a wand of digging (6)
Scrolls
 n - 2 scrolls of teleportation
Potions
 d - a potion of magic
 h - a potion of curing
 i - a potion of berserk rage
 j - a potion of lignification {unknown}
 k - 2 potions of heal wounds {unknown}
 l - 3 potions of mutation {unknown}
 o - a potion of flight
 p - a potion of invisibility
Comestibles
 c - 5 rations


   Skills:
 - Level 3.0 Fighting
 + Level 8.7 Axes
 - Level 1.3 Armour
 - Level 1.3 Dodging


You had 6 spell levels left.
You didn't know any spells.
Your spell library was empty.

Dungeon Overview and Level Annotations

Branches:
Dungeon (6/15)
 Temple: D:4-7

Altars:
Trog

Shops:
D:4 *


Innate Abilities, Weirdness & Mutations

You have hooves in place of feet.
Armour fits poorly on your strangely shaped body.
You cover ground very quickly.
You have extremely tough skin. (AC +3)


Message History

You hit the orc priest. Your kick misses the orc priest.
The orc priest is moderately wounded.
You closely miss the orc warrior. You closely miss the orc priest.
The orc priest is moderately wounded.
You hit the orc warrior but do no damage.
The orc warrior misses you.
You hit the orc priest but do no damage.
Your kick misses the orc priest.
The orc priest is moderately wounded.
You hit the orc warrior but do no damage.
The orc priest hits you with a short sword.
* * * LOW HITPOINT WARNING * * *
You slash the orc priest!
You feel the power of Trog in you as your rage grows.
You kill the orc priest!
Trog accepts your kill.
You barely miss the orc warrior.
The orc warrior hits you with a short sword!
You die...

.....%..#
##.....%.# #.#
#..../..%##...
#.......%.o..
##....5.. ..#
.#....... ..#
.......)##.####.
........@)..ยง...
........o#.##..#
.........# #
.........#
..........
...........
.#......###
#####..# ..#


You could see an orc warrior and a crimson imp.

Vanquished Creatures
  Duvessa (D:4)
  An elf zombie (Ossuary)
  Dowan (D:4)
  2 scorpions
  A howler monkey (D:4)
  A centaur zombie (Ossuary)
  2 orc priests
  A jelly (D:5)
  3 orc wizards (D:4)
  Natasha (thrice) (D:2)
  2 big kobold zombies (Ossuary)
  2 mummies (Ossuary)
  4 gnolls (D:5)
  5 adders
  6 oozes (Sewer)
  An adder zombie (D:2)
  3 adder skeletons
  6 worms
  A dart slug (D:4)
  A leopard gecko (D:1)
  7 orcs
  4 giant cockroaches
  2 gnoll zombies (Ossuary)
  5 goblins
  4 jackals (Sewer)
  2 quokkas
  4 ball pythons
  7 bats
  4 frilled lizards
  2 giant cockroach zombies (D:2)
  5 goblin zombies (Ossuary)
  A hobgoblin zombie (Ossuary)
  A jackal skeleton (D:4)
  2 kobolds (D:2)
  2 orc zombies (Ossuary)
  2 quokka zombies (D:2)
  2 rats
103 creatures vanquished.

Notes
Turn   | Place    | Note
-------+----------+-------------------------------------------
     0 | D:1      | Lavandula the Centaur Berserker began the quest for the
                  | Orb.
     0 | D:1      | Reached XP level 1. HP: 19/19 MP: 1/1
    27 | D:1      | Reached skill level 3 in Axes
   218 | D:2      | Reached XP level 2. HP: 23/26 MP: 2/2
   233 | D:2      | Noticed Natasha
   237 | D:2      | Killed Natasha
   237 | D:2      | Reached XP level 3. HP: 31/31 MP: 3/3
   243 | D:2      | Reached skill level 4 in Axes
   258 | D:2      | Noticed Natasha
   283 | D:2      | Killed Natasha
   309 | D:2      | Noticed Natasha
   316 | D:2      | Killed Natasha
   316 | D:2      | Reached ** piety under Trog
   316 | D:2      | Reached XP level 4. HP: 8/38 MP: 4/4
   534 | D:3      | Found a glowing drain.
   543 | Sewer    | Entered a sewer
   560 | Sewer    | Reached skill level 5 in Axes
   830 | Sewer    | Reached XP level 5. HP: 40/45 MP: 5/5
  1048 | D:4      | Found Byraagil's General Store.
  1114 | D:4      | Reached *** piety under Trog
  1114 | D:4      | Reached skill level 6 in Axes
  1136 | D:4      | Reached XP level 6. HP: 17/51 MP: 6/6
  1214 | D:4      | Found a sand-covered staircase.
  1216 | D:4      | Noticed Duvessa
  1217 | D:4      | Noticed Dowan
  1244 | Ossuary  | Entered an ossuary
  1280 | Ossuary  | Reached skill level 7 in Axes
  1383 | Ossuary  | Reached XP level 7. HP: 20/57 MP: 7/7
  1480 | D:4      | Killed Dowan
  1481 | D:4      | Killed Duvessa
  1496 | D:4      | Reached skill level 8 in Axes
  1741 | D:5      | Entered Level 5 of the Dungeon
  1762 | D:5      | Found a bloodstained altar of Trog.
  2208 | D:6      | HP: 2/85 [orc warrior/short sword (14)]
  2213 | D:6      | HP: 1/85 [orc priest/short sword (2)]
  2214 | D:6      | Mangled by an orc warrior

Skill      XL: |  1  2  3  4  5  6  7 |
---------------+----------------------+-----
Axes           | 3 4 5 6 7 8 |  8.7
Fighting       | |  3.0
Armour         | |  1.3
Dodging        | |  1.3

Action                   |  1- 3 |  4- 6 |  7- 9 || total
-------------------------+-------+-------+-------++-------
Melee: Hand axe          |    48 |     6 |    73 ||   127
       Kick              |     7 |    55 |    18 ||    80
       Whip              |       |   185 |    13 ||   198
Throw: Tomahawk          |       |       |    15 ||    15
Invok: Berserk           |     2 |     5 |     5 ||    12
       Trog's Hand       |       |     2 |       ||     2
  Use: Scroll            |       |     6 |     3 ||     9
       Potion            |       |     4 |       ||     4
  Eat: Chunk             |       |     8 |     6 ||    14
Armor: Animal skin       |    14 |     2 |       ||    16
       Ring mail         |       |    96 |    18 ||   114
Dodge: Dodged            |    27 |   115 |    38 ||   180
